AoeStats
← BYSNIZ Man Bruno

Black Forest

508249379Analyzed
4v4 RM · 11d ago on Sep 21, 2026· 61m 18s· 8 players
Game mode
Random Map
Map size
Large (8 player)
Population
200
Speed
Normal
Resources
Standard
Victory
Conquest
Starting age
Dark Age
Ending age
Imperial Age
RankedLock teamsTeams togetherTeam positionsShared explorationLock speedFull tech treeHidden civsTurbo modeCheats
Victory
Defeat
🇮🇳 Mongols · India
1036
+13
🇮🇳 Poles · India
1005
+15
🇮🇳 Hindustanis · India
1004
+15
🇮🇳 Persians · India
1002
+15
🇹🇷 Huns · Türkiye
1022
-17
🇮🇹 Mongols · Italy
997
-15
🇨🇿 Khmer · Czechia
971
-14
🇷🇴 Franks · Romania
924
-12
BYSNIZ Man Bruno
10:24 Feudal Age
15:37 Castle Age
13:42 Double-Bit Axe
13:57 Horse Collar
16:45 Bow Saw
16:40 Heavy Plow
22:32 Wheelbarrow
25:49 Loom
26:22 Hand Cart
25:54 Town Watch
29:37 Imperial Age
28:37 Husbandry
28:47 Bloodlines
28:33 Light Cavalry
30:41 Town Patrol
30:54 Forging
30:45 Scale Mail Armor
30:50 Scale Barding Armor
30:50 Fletching
31:19 Gold Mining
31:19 Stone Mining
32:07 Crop Rotation
32:24 Double Crossbow
32:26 Hussar
33:29 Chain Barding Armor
34:25 Gold Shaft Mining
34:27 Stone Shaft Mining
34:06 Elite Ballista Elephant
36:17 Chemistry
35:37 Ballistics
35:29 Masonry
36:04 Conscription
35:45 Tusk Swords
36:46 Iron Casting
36:33 Chain Mail Armor
36:58 Plate Barding Armor
38:27 Blast Furnace
37:41 Fortified Wall
41:29 Pikeman
42:20 Halberdier
47:20 Arson
Diaz
0:32 Loom
11:37 Feudal Age
12:02 Double-Bit Axe
17:50 Castle Age
17:22 Forging
17:18 Scale Barding Armor
17:07 Fletching
17:17 Padded Archer Armor
18:09 Stone Mining
18:38 Horse Collar
19:27 Bow Saw
21:15 Stone Shaft Mining
24:08 Wheelbarrow
26:11 Gold Mining
26:33 Town Watch
30:32 Imperial Age
29:26 Hand Cart
30:40 Bodkin Arrow
31:01 Leather Archer Armor
31:50 Capped Ram
34:07 Drill
33:49 Nomads
33:12 Siege Ram
34:07 Town Patrol
35:08 Elite Mangudai
37:57 Conscription
38:22 Caravan
42:01 Pikeman
42:55 Forging
42:47 Bracer
42:55 Scale Barding Armor
42:41 Light Cavalry
44:17 Husbandry
46:26 Iron Casting
45:51 Scale Mail Armor
48:42 Gold Shaft Mining
49:03 Hussar
51:04 Heavy Plow
52:07 Bloodlines
53:45 Blast Furnace
53:05 Chain Barding Armor
balintq
10:40 Feudal Age
14:49 Castle Age
12:45 Double-Bit Axe
22:46 Gold Mining
23:09 Bow Saw
24:14 Scale Barding Armor
24:31 Forging
26:56 Fervor
29:21 Chain Barding Armor
29:37 Iron Casting
29:40 Wheelbarrow
30:56 Hand Cart
30:59 Scale Mail Armor
30:51 Fletching
33:18 #83
35:29 Imperial Age
32:45 Town Watch
32:46 Loom
33:21 Chain Mail Armor
33:02 Bodkin Arrow
33:30 Squires
33:16 Arson
33:34 Town Patrol
35:04 Caravan
35:08 Padded Archer Armor
35:16 Husbandry
36:06 Cavalier
37:31 Gold Shaft Mining
36:47 Stone Mining
36:55 Stone Mining
38:23 Plate Barding Armor
38:49 Blast Furnace
38:20 Plate Mail Armor
38:25 Paladin
38:57 Capped Ram
48:51 Heresy
48:05 Pikeman
48:57 Halberdier
Kebabs&Roses
0:49 Loom
12:20 Feudal Age
16:26 Castle Age
14:48 Double-Bit Axe
16:00 Horse Collar
18:35 Bow Saw
22:59 Stone Mining
25:24 Gold Mining
25:37 Heavy Plow
27:11 Wheelbarrow
27:40 Gold Shaft Mining
27:26 Fletching
29:17 Bodkin Arrow
32:01 Imperial Age
29:47 Hand Cart
29:21 Town Watch
29:40 Padded Archer Armor
30:50 Bloodlines
30:41 Husbandry
31:53 Thumb Ring
32:08 Leather Archer Armor
32:03 Heavy Cavalry Archer
33:08 Parthian Tactics
32:48 Bracer
33:51 Chemistry
33:22 Town Patrol
34:19 Conscription
34:36 Ballistics
35:02 Caravan
37:28 Two-Man Saw
37:55 Guilds
38:18 Capped Ram
42:29 Masonry
47:26 Murder Holes
GuptasLegacy
10:48 Feudal Age
11:22 Horse Collar
11:28 Double-Bit Axe
15:17 Gold Mining
17:49 Castle Age
19:06 Bow Saw
18:57 Heavy Plow
26:25 Wheelbarrow
29:01 Imperial Age
27:20 Gold Shaft Mining
26:37 Stone Mining
27:26 Wheelbarrow
27:39 Town Watch
27:40 Loom
29:01 Hand Cart
29:22 Forging
29:19 Scale Barding Armor
29:05 Fletching
29:24 Caravan
31:03 Two-Man Saw
30:40 Town Patrol
31:17 Stone Shaft Mining
31:21 Iron Casting
32:27 Chemistry
31:50 Ballistics
32:32 Chain Barding Armor
33:39 Conscription
33:22 Grand Trunk Road
33:23 Shatagni
35:00 Blast Furnace
34:36 Plate Barding Armor
33:57 Bodkin Arrow
33:47 Light Cavalry
34:37 Bloodlines
34:28 Husbandry
33:48 Heavy Camel Rider
35:31 Murder Holes
35:41 Siege Engineers
35:47 Masonry
35:46 Imperial Camel Rider
36:58 Squires
36:44 Arson
36:19 Pikeman
38:03 Bracer
38:04 Padded Archer Armor
46:09 Leather Archer Armor
48:23 Elite Ghulam
49:03 Onager
52:12 Ring Archer Armor
51:43 Scale Mail Armor
59:26 Hussar
clueless
0:31 Loom
11:07 Feudal Age
16:32 Castle Age
16:13 Double-Bit Axe
16:15 Horse Collar
24:34 Wheelbarrow
27:06 Fletching
28:33 Murder Holes
29:25 Fortified Wall
29:34 Hand Cart
32:56 Imperial Age
32:32 Bloodlines
32:23 Husbandry
34:31 Ballistics
35:45 Elite Steppe Lancer
37:47 Scale Barding Armor
37:53 Forging
39:13 Heavy Scorpion
40:22 Gold Mining
40:22 Stone Mining
43:15 Chemistry
42:11 Capped Ram
46:28 Chain Barding Armor
48:17 Caravan
48:51 Siege Ram
50:00 Light Cavalry
52:01 Onager
58:57 Siege Engineers
kundan
0:28 Loom
10:21 Feudal Age
15:58 Castle Age
15:38 Double-Bit Axe
15:37 Horse Collar
20:54 Heavy Plow
22:48 Wheelbarrow
23:10 Bow Saw
24:08 Hand Cart
27:50 Stone Mining
30:46 Kamandaran
33:19 Imperial Age
31:32 Padded Archer Armor
31:23 Fletching
33:05 Leather Archer Armor
32:46 Bodkin Arrow
33:50 Stone Shaft Mining
33:10 Gold Mining
34:08 Ballistics
34:49 Chemistry
34:23 Ring Archer Armor
33:19 Crossbowman
34:14 Thumb Ring
34:04 Elite War Elephant
35:05 Conscription
35:33 Scale Barding Armor
35:40 Forging
37:28 Gold Shaft Mining
39:35 Iron Casting
39:21 Chain Barding Armor
41:33 Blast Furnace
54:12 Plate Barding Armor
61:04 Two-Man Saw
60:41 Crop Rotation
Shanu
1:07 Loom
11:51 Feudal Age
12:31 Horse Collar
19:05 Castle Age
17:40 Double-Bit Axe
20:02 Heavy Plow
24:40 Town Watch
26:16 Wheelbarrow
26:50 Gold Mining
26:59 Stone Mining
27:47 Fortified Wall
27:47 Squires
29:06 Hand Cart
29:53 Szlachta Privileges
31:03 Husbandry
31:14 Bloodlines
30:25 Light Cavalry
30:42 Pikeman
34:40 Imperial Age
34:38 Scale Barding Armor
34:44 Forging
34:35 Scale Mail Armor
34:42 Arson
34:51 Fletching
35:43 Chain Barding Armor
36:00 Conscription
36:01 Lechitic Legacy
36:50 Chemistry
36:03 Masonry
36:17 Cavalier
36:18 Winged Hussar
37:47 Crop Rotation
39:09 Iron Casting
38:31 Bodkin Arrow
41:17 Blast Furnace
40:32 Chain Mail Armor
40:18 Bracer
41:40 Ballistics
42:42 Bow Saw
43:19 Plate Mail Armor
42:51 Padded Archer Armor
46:10 Hoardings
53:29 Leather Archer Armor
Connection lost

Rejoining the realm…

Still unreachable

The connection could not be restored.

Session expired

The server has moved on; the page needs a fresh start.